 Dungeon Crawl Stone Soup version 0.31-a0-1540-g5a0b83f448 (webtiles) character file.

Game seed: 11547246809641178142

251 bmb222 the Sneak (level 6, 0/41 HPs)
             Began as an Octopode Shapeshifter on Jan 1, 2024.
             Succumbed to a killer bee's poison
             ... on level 5 of the Dungeon.
             The game lasted 00:02:09 (3129 turns).

bmb222 the Sneak (Octopode Shapeshifter)            Turns: 3129, Time: 00:02:10

Health: 0/41       AC:  1    Str: 15    XL:     6   Next: 13%
Magic:  6/6        EV: 13    Int: 13    God:
Gold:   288        SH:  0    Dex: 11    Spells: 5/5 levels left

rFire   . .          .
                       - Unarmed
rCold   . . .        (no shield)
rNeg    . . .        (helmet currently unavailable)
rPois   .            (no amulet)
rElec   .            (no ring)
rCorr   .            (no ring)
SInv    .            (no ring)
Will    +....        (no ring)
Stlth   +++          (no ring)
HPRegen 0.26/turn    (no ring)
MPRegen 0.10/turn    (no ring)
                     (no ring)

%: no passive effects
@: lethally poisoned (0 -> -3), beast-form, enlightened, flying
A: beast (slay +2), almost no armour, amphibious, 8 rings, camouflage 1,
gelatinous body 1, (nimble swimmer 1), tentacles
a: Begin Untransformation


You were on level 5 of the Dungeon.
You were a hulking beast.
You visited 1 branch of the dungeon, and saw 5 of its levels.

You collected 288 gold pieces.

Inventory:

Jewellery
 n - a ring of fire
Talismans
 b - a beast talisman
 c - a flux talisman
Scrolls
 f - a scroll of fog {unknown}
 i - 2 scrolls of identify {unknown}
 j - a scroll of teleportation {unknown}
 k - a scroll of butterflies {unknown}
 o - a scroll of revelation {unknown}
Potions
 a - a potion of lignification
 d - a potion of cancellation {unknown}
 e - a potion of enlightenment
 g - a potion of degeneration {unknown}
 h - a potion of mutation {unknown}
 l - a potion of brilliance {unknown}
 m - a potion of haste {unknown}
 p - a potion of berserk rage {unknown}


   Skills:
 * Level 2.8 Fighting
 + Level 3.1 Dodging
 * Level 3.9 Stealth
 + Level 3.8 Unarmed Combat
 + Level 3.8 Shapeshifting


You had 5 spell levels left.
You didn't know any spells.
Your spell library contained the following spells:

 Spells                   Type           Power      Damage    Failure   Level
 Apportation              Tloc           0%         N/A       30%         1
 Freeze                   Ice            0%         1d3       30%         1
 Jinxbite                 Hex            0%         N/A       43%         2
 Frozen Ramparts          Ice            0%         1d1       67%         3
 Hailstorm                Conj/Ice       0%         3d5       67%         3
 Alistair's Intoxication  Alch           0%         N/A       100%        5


Dungeon Overview and Level Annotations

Branches:
Dungeon (5/15)
 Temple: D:4-7

Altars:
Elyvilon
Nemelex Xobeh
Ru
Zin

Annotations:
D:4 Pikel


Innate Abilities, Weirdness & Mutations

You are a hulking beast.
Your limbs bulge with bestial killing power. (Slay +2)
You cannot wear most types of armour.
You are amphibious.
You can wear up to eight rings at the same time.
Your skin changes colour to match your surroundings (Stealth+).
Your rubbery body absorbs attacks. (AC +1, EV +1)
((You are camouflaged when in or above water. (Stealth+)))
You have tentacles for arms and can constrict up to eight enemies at once.


Message History

A killer bee is nearby!
A killer bee is nearby!
You barely miss the killer bee. Your grab misses the killer bee.
The killer bee closely misses you. The killer bee stings you.
A killer bee is nearby!
You closely miss the killer bee. Your grab misses the killer bee.
Your squeeze misses the killer bee. The killer bee misses you.
The killer bee stings you!
A killer bee is nearby!
You closely miss the killer bee. Your grab misses the killer bee.
The killer bee stings you! x2
* * * LOW HITPOINT WARNING * * *
You are poisoned.
The killer bee poisons you!
A killer bee is nearby!
You are too injured to fight recklessly!
A killer bee is nearby!
You are too injured to fight recklessly!
A killer bee is nearby!
You are too injured to fight recklessly!
You tentacle-slap the killer bee. Your grab misses the killer bee.
Your squeeze misses the killer bee.
The killer bee is moderately wounded.
You feel sick. The killer bee barely misses you. The killer bee stings you.
* * * LOW HITPOINT WARNING * * *
You barely miss the killer bee. Your grab misses the killer bee.
Your squeeze misses the killer bee.
The killer bee is moderately wounded.
* * * LOW HITPOINT WARNING * * *
You feel sick. The killer bee misses you.
You closely miss the killer bee. Your grab misses the killer bee.
Your squeeze misses the killer bee.
The killer bee is moderately wounded.
* * * LOW HITPOINT WARNING * * *
You feel sick. The killer bee closely misses you. x2
Unknown command.
It was a potion of enlightenment.
You feel very buoyant.
You fly up into the air.
You die...

........ . ....#... ##.
....#... ..# ....... #.#
#######.#..# #.#
#[....###... # #.#
##.#####~~... #####.#y#
#......#~..♣.
#......h####..#...†.....
#...<...............♣._.
#......########.#.......
#####......))...#.#~..♣.
#####..######.#~~... #..
#....###... >... #.####
##.# #.#o. #.######..#
#.#.. #........##


You could see a killer bee.

Vanquished Creatures
  A scorpion (D:4)
  A hound (D:5)
  An iguana (D:5)
  Terence (D:2)
  4 adders
  A shadow imp (D:5)
  A ribbon worm (D:2)
  5 orcs (D:5)
  8 bats
  4 endoplasms
  A giant cockroach (D:1)
  4 goblins
  4 hobgoblins
  A jackal (D:2)
  5 quokkas
  7 ball pythons
  5 frilled lizards
  9 kobolds
  3 rats
66 creatures vanquished.

Vanquished Creatures (others)
  A quokka (D:5)
1 creature vanquished.

Grand Total: 67 creatures vanquished

Notes
Turn   | Place    | Note
-------+----------+-------------------------------------------
     0 | D:1      | bmb222 the Octopode Shapeshifter began the quest for the
                  | Orb.
     0 | D:1      | Reached XP level 1. HP: 13/13 MP: 1/1
   107 | D:1      | Reached XP level 2. HP: 14/18 MP: 2/2
   987 | D:2      | Reached XP level 3. HP: 23/23 MP: 3/3
  1076 | D:2      | Reached skill level 1 in Stealth
  1223 | D:2      | Noticed Terence
  1234 | D:2      | Killed Terence
  1235 | D:2      | Reached XP level 4. HP: 23/29 MP: 4/4
  2122 | D:3      | Found a glowing silver altar of Zin.
  2357 | D:3      | Found a sparkling altar of Nemelex Xobeh.
  2703 | D:4      | Reached XP level 5. HP: 32/34 MP: 5/5
  2836 | D:4      | Noticed a lemure
  2838 | D:4      | Noticed Pikel
  2838 | D:4      | Noticed a lemure
  2852 | D:5      | Entered Level 5 of the Dungeon
  2962 | D:5      | Found a sacrificial altar of Ru.
  2974 | D:5      | Found a white marble altar of Elyvilon.
  3085 | D:5      | Reached XP level 6. HP: 37/41 MP: 6/6
  3127 | D:5      | HP: 2/41 [poisoned by a killer bee]
  3129 | D:5      | Succumbed to a killer bee's poison

Illustrated notes

Levels and vault maps discovered:
D:1:      nicolae_arrival_somewhat_less_tricky_arrival, layout_loops_ring
D:2:      kb_forest_paths, layout_basic, uniq_terence
D:3:      layout_basic, lemuel_coloured_pillars_altar, amcnicky_altar_gilded
D:4:      layout_basic, mainiacjoe_overflow_six_doors_small, uniq_pikel
D:5:      cheibrodos_quashed, layout_basic, elyvilon_altar_4,
          lemuel_doored_altar, serial_shops, nicolae_shop_tiny_waterfront,
          minmay_misc_feat_secret_circle, minmay_misc_feat_alley, st_stairs_3

Skill      XL: |  1  2  3  4  5 |
---------------+----------------+-----
Stealth        | 2 3 |  3.9
Fighting       | 2 |  2.8
Dodging        | 3 |  3.1
Unarmed Combat | |  3.8
Shapeshifting  | |  3.8

Action                     |  1- 3 |  4- 6 || total
---------------------------+-------+-------++-------
  Melee: Unarmed           |    59 |    80 ||   139
         Constrict         |    17 |    17 ||    34
         Tentacles         |    13 |    13 ||    26
         Punch             |     4 |     1 ||     5
    Use: Potion            |       |     1 ||     1
   Stab: Sleeping          |     7 |    11 ||    18
 Armour: Skin              |    20 |    22 ||    42
  Dodge: Dodged            |    36 |    41 ||    77

Table legend: (Time is in decaauts)
 A = Elapsed time spent in this place.
 B = Non-inter-level travel time spent in this place.
 C = Inter-level travel time spent in this place.
 D = Time resting spent in this place.
 E = Time spent auto-exploring this place.
 F = Levels seen in this place.
 G = Mean time per level.
                   A        B        C        D        E       F      G
               +--------+--------+--------+--------+--------+-----+--------+
         Total |   3118 |   3057 |     61 |    112 |   2508 |   5 |  623.6 |
       Dungeon |   3118 |   3057 |     61 |    112 |   2508 |   5 |  623.6 |
               +--------+--------+--------+--------+--------+-----+--------+

Top non-repeatable levels by time:
     D:2: 972 daAuts
     D:3: 874 daAuts
     D:1: 835 daAuts
     D:5: 274 daAuts
     D:4: 162 daAuts
